 Dungeon Crawl Stone Soup version 0.30-a0-672-gc3a7216ad8 (webtiles) character file.

Game seed: 13462272797440060813

738 Dittersdorf the Covered (level 7, 0/44 HPs)
             Began as a Gargoyle Fighter on Jan 18, 2023.
             Slain by an iron imp (5 damage)
             ... summoned by Eustachio
             ... on level 5 of the Dungeon.
             The game lasted 00:04:37 (3458 turns).

Dittersdorf the Covered (Gargoyle Fighter)          Turns: 3458, Time: 00:04:37

Health: 0/44       AC: 23    Str: 22    XL:     7   Next: 75%
Magic:  7/7        EV:  9    Int:  8    God:
Gold:   183        SH:  5    Dex: 15    Spells: 6/6 levels left

rFire   . . .      SeeInvis .    a - +0 flail
rCold   . . .      Faith    .    c - +0 buckler
rNeg    + . .      Spirit   .    b - +0 scale mail
rPois   ∞          Reflect  .    (helmet restricted)
rElec   +          Harm     .    h - +2 cloak {Will+}
rCorr   .          Rampage  .    k - +0 pair of gloves
Will    +....                    g - +1 pair of boots Stlth
                                 (no amulet)
HPRegen 0.27/turn                f - +6 ring of dexterity
MPRegen 0.10/turn                d - +4 ring of protection

@: unable to read
A: sickness immunity, AC +4, negative energy resistance 1, electricity
resistance, torment resistance 1, petrification resistance, antennae 1,
inability to read after injury 1
a: no special abilities


You were on level 5 of the Dungeon.
You visited 1 branch of the dungeon, and saw 5 of its levels.

You collected 195 gold pieces.
You spent 12 gold pieces at shops.

Inventory:

Hand Weapons
 a - a +0 flail (weapon)
Missiles
 t - 13 poisoned darts (quivered)
Armour
 b - a +0 scale mail (worn)
 c - a +0 buckler (worn)
 g - a +1 pair of boots (worn)
 h - a +2 cloak of willpower (worn)
 i - a +0 plate armour
 k - a +0 pair of gloves (worn)
Jewellery
 d - a +4 ring of protection (right hand)
 f - a +6 ring of dexterity (left hand)
Wands
 x - a wand of acid (7)
Scrolls
 l - a scroll of blinking
 m - a scroll of vulnerability {unknown}
 n - a scroll of silence {unknown}
 o - a scroll of torment {unknown}
 p - a scroll of magic mapping {unknown}
 q - a scroll of amnesia {unknown}
 r - a scroll of teleportation {unknown}
 s - a scroll of fear {unknown}
 u - a scroll of poison {unknown}
 v - a scroll of fog {unknown}
 w - a scroll of noise {unknown}
Potions
 e - 2 potions of curing
 j - 4 potions of mutation


   Skills:
 + Level 5.5 Fighting
 + Level 4.5 Maces & Flails
 + Level 5.5 Armour
 + Level 5.5 Shields


You had 6 spell levels left.
You didn't know any spells.
Your spell library contained the following spells:

 Spells                   Type           Power      Damage    Failure   Level
 Sandblast                Erth           0%         2d4       80%         1
 Passwall                 Tmut/Erth      0%         N/A       91%         2
 Inner Flame              Hex/Fire       0%         N/A       99%         3
 Stone Arrow              Conj/Erth      0%         3d7       99%         3
 Tukima's Dance           Hex            0%         N/A       99%         3
 Cause Fear               Hex            0%         N/A       100%        4
 Passage of Golubria      Tloc           0%         N/A       100%        4
 Yara's Violent Unravell  Hex/Tmut       0%         3d3       100%        5
 Discord                  Hex            0%         N/A       100%        8


Dungeon Overview and Level Annotations

Branches:
Dungeon (5/15)
 Temple: D:4-7

Altars:
Fedhas
Nemelex Xobeh
Ru
Yredelemnul

Shops:
D:4 !

Annotations:
D:5 Eustachio


Innate Abilities, Weirdness & Mutations

You are immune to sickness and miasma.
Your stone body is resilient. (AC +4)
You are immune to poison.
You resist negative energy. (rN+)
You are resistant to electric shocks. (rElec)
You are resistant to unholy torment.
You are immune to petrification.
You have a pair of small antennae on your head.
You occasionally lose the ability to read scrolls when taking damage.


Message History

Eustachio blinks!
Eustachio casts a spell.
Eustachio blinks!
You block the rat's attack.
Eustachio hits you with a +5 falchion of protection.
You see here 19 gold pieces.
You closely miss Eustachio.
Eustachio is severely wounded.
You can read scrolls again.
The rat barely misses you.
Eustachio hits you with a +5 falchion of protection.
You barely miss Eustachio.
Eustachio is severely wounded.
The rat bites you but does no damage.
Eustachio casts a spell.
You hit Eustachio but do no damage.
Eustachio is severely wounded.
The rat closely misses you. You block Eustachio's attack.
The iron imp hits you.
* * * LOW HITPOINT WARNING * * *
You miss Eustachio.
Eustachio is severely wounded.
The rat bites you but does no damage.
Eustachio mumbles some strange words.
The iron imp hits you!
You feel threatened and lose the ability to read scrolls!
* * * LOW HITPOINT WARNING * * *
The rat bites you but does no damage. Eustachio closely misses you.
You hit Eustachio.
Eustachio is severely wounded.
You block the rat's attack.
Eustachio casts a spell.
The iron imp hits you but does no damage. x2
You closely miss Eustachio.
Eustachio is severely wounded.
The ufetubus hits you but does no damage.
You block the ufetubus's attack.
The ufetubus hits you but does no damage. x2
The rat bites you but does no damage. Eustachio completely misses you.
The iron imp hits you.
You die...

...##
##.....###
..##
##......###
..#
#........#
..#
#...##....
..# #...#
..## ..#
#...##..#
##....#.##
#.....r@.#
#..##.5@5b#
.....
#.5..##
#....
##....#
....
......# ...
#.......#
##.#..###
######


You could see Eustachio, 2 iron imps, an ufetubus (summoned), a bat (summoned)
and a rat (summoned).

Vanquished Creatures
  Grinder (D:3)
  Sigmund (D:2)
  A scorpion (D:4)
  A howler monkey (D:4)
  Jessica (D:2)
  Ijyb (D:3)
  Terence (D:2)
  Robin (D:4)
  3 gnolls (D:2)
  4 adders
  5 worms
  3 orcs (D:3)
  8 ball pythons
  9 bats
  4 endoplasms
  4 giant cockroaches (D:2)
  13 goblins
  12 hobgoblins
  3 quokkas
  6 frilled lizards
  6 kobolds
  8 rats
96 creatures vanquished.

Vanquished Creatures (others)
  An orc wizard (D:3)
  A plant (D:1)
2 creatures vanquished.

Grand Total: 98 creatures vanquished

Notes
Turn   | Place    | Note
-------+----------+-------------------------------------------
     0 | D:1      | Dittersdorf the Gargoyle Fighter began the quest for the
                  | Orb.
     0 | D:1      | Reached XP level 1. HP: 14/14 MP: 1/1
   147 | D:1      | Reached XP level 2. HP: 17/19 MP: 2/2
   731 | D:1      | Found a faded altar of an unknown god.
   917 | D:2      | Reached XP level 3. HP: 23/23 MP: 3/3
   986 | D:2      | Noticed Jessica
   989 | D:2      | Killed Jessica
  1033 | D:2      | Noticed Terence
  1049 | D:2      | Killed Terence
  1050 | D:2      | Reached XP level 4. HP: 9/29 MP: 4/4
  1393 | D:2      | Noticed Sigmund
  1412 | D:2      | Killed Sigmund
  1413 | D:2      | Reached XP level 5. HP: 34/34 MP: 5/5
  1413 | D:2      | Reached XP level 6. HP: 39/39 MP: 6/6
  1884 | D:3      | Noticed Grinder
  1919 | D:3      | Paralysed by Grinder for 3 turns
  1922 | D:3      | Killed Grinder
  1923 | D:3      | Reached skill level 5 in Fighting
  1923 | D:3      | Reached skill level 5 in Armour
  1923 | D:3      | Reached skill level 5 in Shields
  1923 | D:3      | Reached XP level 7. HP: 35/44 MP: 7/7
  2101 | D:3      | Identified the +1 leather armour of the Nexus {Harm rF+
                  | rCorr Str-5}
  2347 | D:3      | Found a basalt altar of Yredelemnul.
  2348 | D:3      | Found a blossoming altar of Fedhas.
  2448 | D:4      | Noticed Ijyb
  2460 | D:3      | Gained mutation: You occasionally lose the ability to read
                  | scrolls when taking damage. [potion of mutation]
  2460 | D:3      | Gained mutation: You have a pair of small antennae on your
                  | head. [potion of mutation]
  2469 | D:3      | Killed Ijyb
  2790 | D:4      | Noticed Robin
  2923 | D:4      | Killed Robin
  3029 | D:4      | Found a sacrificial altar of Ru.
  3087 | D:4      | Found a sparkling altar of Nemelex Xobeh.
  3253 | D:4      | Found Rucw's Distillery.
  3260 | D:4      | Bought a potion of degeneration for 12 gold pieces
  3346 | D:5      | Entered Level 5 of the Dungeon
  3394 | D:5      | Noticed Eustachio
  3458 | D:5      | Slain by an iron imp

Illustrated notes

Levels and vault maps discovered:
D:1:      eino_arrival_water_cross, layout_loops_cross,
          dreamdust_ecumenical_altar_hidden_monk_grotto
D:2:      layout_loops_corners, uniq_terence, uniq_jessica, uniq_sigmund
D:3:      layout_rooms, gammafunk_temple_overflow_statue,
          chequers_decorated_corner, st_stairs_5, nicolae_wormholes,
          uniq_grinder
D:4:      layout_gridville, nemelex_xobeh_ov_fountains_minmay,
          kennysheep_mini_moat, serial_shops, shop, uniq_ijyb, uniq_robin
D:5:      layout_cave_pools, kennysheep_generic_room_3, uniq_prince_ribbit1,
          uniq_eustachio

Skill      XL: |  1  2  3  4  5  6 |
---------------+-------------------+-----
Fighting       | 4 5 |  5.5
Shields        | 4 5 |  5.5
Armour         | 4 5 |  5.5
Maces & Flails | 3 4 |  4.5

Action                   |  1- 3 |  4- 6 |  7- 9 || total
-------------------------+-------+-------+-------++-------
Melee: Flail             |    88 |    96 |   238 ||   422
  Use: Potion            |     1 |     2 |     1 ||     4
       Scroll            |       |       |     3 ||     3
Armor: Scale mail        |    46 |    47 |   185 ||   278
Dodge: Dodged            |    37 |    36 |   139 ||   212
Block: Buckler           |    22 |    36 |    78 ||   136

Table legend: (Time is in decaauts)
 A = Elapsed time spent in this place.
 B = Non-inter-level travel time spent in this place.
 C = Inter-level travel time spent in this place.
 D = Time resting spent in this place.
 E = Time spent auto-exploring this place.
 F = Levels seen in this place.
 G = Mean time per level.
                   A        B        C        D        E       F      G
               +--------+--------+--------+--------+--------+-----+--------+
         Total |   3567 |   3421 |    146 |    275 |   2257 |   5 |  713.4 |
       Dungeon |   3567 |   3421 |    146 |    275 |   2257 |   5 |  713.4 |
               +--------+--------+--------+--------+--------+-----+--------+

Top non-repeatable levels by time:
     D:2: 1036 daAuts
     D:3: 888 daAuts
     D:1: 824 daAuts
     D:4: 693 daAuts
     D:5: 125 daAuts
